 Dungeon Crawl Stone Soup version 0.32-a0-699-g1ee5eff69a (webtiles) character file.

Game seed: 16697767305173851178

275 BeKind the Chiller (level 6, -7/36 HPs)
             Began as an Octopode Ice Elementalist on Mar 13, 2024.
             Was an Initiate of Sif Muna.
             Mangled by Pikel
             ... wielding a +0 whip of flaming
              (11 damage)
             ... on level 3 of the Dungeon.
             The game lasted 00:04:24 (3808 turns).

BeKind the Chiller (Octopode Ice Elementalist)      Turns: 3808, Time: 00:04:24

Health: -7/36      AC:  1    Str:  7    XL:     6   Next: 24%
Magic:  11/11      EV: 13    Int: 19    God:    Sif Muna [......]
Gold:   231        SH:  0    Dex: 13    Spells: 4/11 levels left

rFire   . . .        c - +0 dagger
rCold   . . .        (no shield)
rNeg    . . .        (helmet restricted)
rPois   .            (no amulet)
rElec   .            (no ring)
rCorr   .            (no ring)
SInv    .            (no ring)
Will    .....        (no ring)
Stlth   +++          (no ring)
HPRegen 0.26/turn    (no ring)
MPRegen 0.12/turn    (no ring)
                     (no ring)

%: no passive effects
@: weak-willed
A: almost no armour, amphibious, 8 rings, camouflage 1, gelatinous body 1,
(nimble swimmer 1), tentacles
a: Renounce Religion


You were on level 3 of the Dungeon.
You worshipped Sif Muna.
Sif Muna was noncommittal.
You visited 1 branch of the dungeon, and saw 4 of its levels.

You collected 231 gold pieces.

Inventory:

Hand Weapons
 c - a +0 dagger (weapon)
Jewellery
 g - a ring of fire
Scrolls
 d - 3 scrolls of identify {unknown}
 h - a scroll of fog {unknown}
 k - 2 scrolls of noise {unknown}
Potions
 a - 2 potions of magic
 b - a potion of degeneration {unknown}
 e - a potion of invisibility {unknown}
 f - 2 potions of ambrosia {unknown}
 j - 2 potions of curing {unknown}
 l - a potion of resistance {unknown}


   Skills:
 + Level 3.8 Dodging
 - Level 2.6 Stealth
 + Level 3.4 Spellcasting
 + Level 2.0 Summonings
 + Level 5.1 Ice Magic


You had 4 spell levels left.
You knew the following spells:

 Your Spells              Type           Power      Damage    Failure   Level
a - Freeze                Ice            88%        1d9       1%          1
b - Frozen Ramparts       Ice            44%        1d7       5%          3
c - Summon Ice Beast      Ice/Summ       16%        N/A       10%         3

Your spell library contained the following spells:

 Spells                   Type           Power      Damage    Failure   Level
 Ozocubu's Armour         Ice            22%        N/A       5%          3
 Sandblast                Erth           6%         2d5       14%         1
 Stone Arrow              Conj/Erth      6%         3d7       41%         3
 Brom's Barrelling Bould  Conj/Erth      3%         2d3       82%         4


Dungeon Overview and Level Annotations

Branches:
Dungeon (4/15)
 Temple: D:4-7

Altars:
Cheibriados
Fedhas
Ru
Sif Muna
The Shining One

Shops:
D:2 [

Annotations:
D:3 Pikel


Innate Abilities, Weirdness & Mutations

You cannot wear most types of armour.
You are amphibious.
You can wear up to eight rings at the same time.
Your skin changes colour to match your surroundings (Stealth+).
Your rubbery body absorbs attacks. (AC +1, EV +1)
((You are camouflaged when in or above water. (Stealth+)))
You have tentacles for arms and can constrict up to eight enemies at once.


Message History

There are monsters nearby!
There are monsters nearby! 2 lemures come into view.
Found a stone staircase leading up.
Pikel, Merchant of Souls comes into view.
He is wielding a +0 whip of flaming and wearing a +1 robe of willpower.
Pikel shouts!
The lemure shouts!
The lemure closely misses you. The lemure closely misses you.
Found an escape hatch in the floor.
Found a whip.
The lemure hits you.
An iguana comes into view.
The iguana hisses angrily.
Pikel waves his whip at you.
There is a stone staircase leading up here.
You climb upwards.
There is a stone staircase leading down here.
HP restored.
Done exploring.
You climb downwards.
Level annotation: Pikel The lemure barely misses you.
The lemure hits you! Pikel closely misses you. The iguana bites you.
The lemure barely misses you. x2
There is a stone staircase leading up here.
Casting: Freeze (safe; 1% risk of failure)
Confirm with . or Enter, or press ? or * to list all spells.
Okay, then.
Pikel hits you with a +0 whip of flaming!
Pikel burns you. The iguana bites you! The lemure hits you.
* * * LOW HITPOINT WARNING * * *
The lemure hits you.
* * * LOW HITPOINT WARNING * * *
You climb upwards.
There is a stone staircase leading down here.
Okay, then.
As you read the scroll labelled HEMEIR ITEROI, it crumbles to dust.
A wave of despondency washes over your surroundings.
It was a scroll of vulnerability.
Pikel hits you with a +0 whip of flaming!
You die...
Pikel says, "See you in Hell!"

#.#..............
#..#....÷......##
####.#.####.......##
#....#.# #......>##
#.###### ######...#
#.# ##ß###ß## #.#.##
#.##ß5..ß...ß##.#.##
#.##l........##...#.
#.#@K........_#.....
####5........##...##
###ß...ß...ß##.#.##
##ß###ß## ##...#
############...).
#................
##......#.#......
###.##.#.#.....#
#.##.#.#.....#


You could see Pikel (weak-willed), 2 lemures and an iguana (weak-willed).

Vanquished Creatures
  A jelly (D:4)
  A sleepcap (D:4)
  5 adders
  A shadow imp (D:4)
  A ribbon worm (D:2)
  A dart slug (D:1)
  7 orcs
  2 ball pythons
  4 endoplasms
  5 giant cockroaches
  8 goblins
  2 hobgoblins
  5 jackals (D:2)
  3 kobolds
  4 quokkas
  7 bats
  8 frilled lizards
  2 rats (D:2)
67 creatures vanquished.

Vanquished Creatures (collateral kills)
  A bombardier beetle (D:3)
  An orc priest (D:4)
  2 adders (D:3)
  2 kobolds (D:3)
6 creatures vanquished.

Grand Total: 73 creatures vanquished

Notes
Turn   | Place    | Note
-------+----------+-------------------------------------------
     0 | D:1      | BeKind the Octopode Ice Elementalist began the quest for
                  | the Orb.
     0 | D:1      | Reached XP level 1. HP: 11/11 MP: 3/3
   394 | D:1      | Reached XP level 2. HP: 17/17 MP: 5/5
  1403 | D:2      | Reached XP level 3. HP: 21/21 MP: 6/6
  1407 | D:2      | Learned a level 3 spell: Frozen Ramparts
  1811 | D:2      | Found Zidel's Armour Boutique.
  2426 | D:2      | Learned a level 3 spell: Summon Ice Beast
  2453 | D:3      | Reached XP level 4. HP: 27/27 MP: 4/8
  2543 | D:3      | HP: 1/27 [bat (1)]
  2616 | D:3      | Reached skill level 1 in Summonings
  2616 | D:3      | Reached XP level 5. HP: 27/31 MP: 9/9
  2811 | D:3      | Found a sacrificial altar of Ru.
  2875 | D:3      | Found a glowing golden altar of the Shining One.
  3223 | D:3      | Found a blossoming altar of Fedhas.
  3225 | D:3      | Found a shimmering blue altar of Sif Muna.
  3296 | D:3      | Found a snail-covered altar of Cheibriados.
  3361 | D:3      | Became a worshipper of Sif Muna the Loreminder
  3631 | D:4      | Reached skill level 5 in Ice Magic
  3656 | D:4      | Reached XP level 6. HP: 10/36 MP: 2/11
  3786 | D:4      | Noticed Pikel
  3808 | D:3      | Mangled by Pikel

Illustrated notes

Levels and vault maps discovered:
D:1:      elethiomel_arrival_infinity_welcomes_careful_drivers, layout_basic,
          serial_forest, infiniplex_forest_clump_diagonal,
          infiniplex_forest_end_2, infiniplex_forest_corner_2,
          infiniplex_forest_side_room
D:2:      layout_loops_corners, serial_shops, nicolae_shop_advertising_works
          [nicolae_subvault_shop_adworks], kennysheep_generic_room_8
D:3:      minmay_evil_eye, layout_loops_ring, nicolae_overflow_hidden_temple,
          slow_altar_2, minitemple, nicolae_half_adder
D:4:      layout_rooms, gammafunk_temple_overflow_elements, serial_demonic,
          serial_demonic_c, serial_demonic_e, serial_demonic_b,
          serial_demonic_g, uniq_pikel, uniq_menkaure

Skill      XL: |  1  2  3  4  5  6 |
---------------+-------------------+-----
Dodging        | 3 |  3.8
Spellcasting   | 3 |  3.4
Summonings     | 1 2 |  2.0
Ice Magic      | 5 |  5.1
Stealth        | |  2.6

Action                     |  1- 3 |  4- 6 || total
---------------------------+-------+-------++-------
  Melee: Dagger            |    40 |    42 ||    82
         Constrict         |    14 |    16 ||    30
         Tentacles         |     7 |    12 ||    19
   Cast: Freeze            |    27 |     6 ||    33
         Summon Ice Beast  |     1 |     3 ||     4
         Frozen Ramparts   |       |     2 ||     2
    Use: Potion            |       |     2 ||     2
         Scroll            |       |     1 ||     1
   Stab: Sleeping          |     6 |     5 ||    11
 Armour: Skin              |    28 |    34 ||    62
  Dodge: Dodged            |    33 |    43 ||    76

Table legend: (Time is in decaauts)
 A = Elapsed time spent in this place.
 B = Non-inter-level travel time spent in this place.
 C = Inter-level travel time spent in this place.
 D = Time resting spent in this place.
 E = Time spent auto-exploring this place.
 F = Levels seen in this place.
 G = Mean time per level.
                   A        B        C        D        E       F      G
               +--------+--------+--------+--------+--------+-----+--------+
         Total |   3807 |   3579 |    228 |      0 |   3097 |   4 |  951.8 |
       Dungeon |   3807 |   3579 |    228 |      0 |   3097 |   4 |  951.8 |
               +--------+--------+--------+--------+--------+-----+--------+

Top non-repeatable levels by time:
     D:1: 1306 daAuts
     D:2: 1135 daAuts
     D:3: 1084 daAuts
     D:4: 280 daAuts
